 Dungeon Crawl Stone Soup version 0.30-a0-964-gd452b5e7fa (webtiles) character file.

Game seed: 14860190696291497100

189 Newt the Trooper (level 5, -1/42 HPs)
             Began as a Demonspawn Gladiator on Mar 30, 2023.
             Slain by Crazy Yiuf
             ... wielding a +2 quarterstaff of chaos
              (7 damage)
             ... on level 2 of the Dungeon.
             The game lasted 00:02:12 (1170 turns).

Newt the Trooper (Demonspawn Gladiator)             Turns: 1170, Time: 00:02:13

Health: -1/42      AC:  4    Str: 16    XL:     5   Next: 40%
Magic:  0/5        EV: 14    Int:  9    God:
Gold:   26         SH:  0    Dex: 15    Spells: 4/4 levels left

rFire   . . .      SeeInvis .    a - +0 rapier
rCold   . . .      Faith    .    (no shield)
rNeg    . . .      Spirit   +    b - +0 leather armour
rPois   .          Reflect  .    c - +0 helmet
rElec   .          Rampage  .    (no cloak)
rCorr   .                        (no gloves)
Will    .....                    (no boots)
Stlth   ++                       h - amulet of guardian spirit
HPRegen 0.27/turn                (no ring)
MPRegen 0.18/turn                (no ring)

@: no status effects
A: repulsion field 1, powered by pain 1, magic regeneration
a: no special abilities


You were on level 2 of the Dungeon.
You visited 1 branch of the dungeon, and saw 2 of its levels.

You collected 26 gold pieces.

Inventory:

Hand Weapons
 a - a +0 rapier (weapon)
 q - a +1 hammer of draining
Missiles
 e - a javelin
 g - 2 boomerangs
 m - 20 stones (quivered)
Armour
 b - a +0 leather armour (worn)
 c - a +0 helmet (worn)
Jewellery
 h - an amulet of guardian spirit (around neck)
 i - a ring of ice
Scrolls
 j - a scroll of fog
Potions
 f - a potion of brilliance {unknown}
 k - a potion of haste {unknown}
 p - a potion of resistance {unknown}


   Skills:
 - Level 4.0 Fighting
 - Level 2.6 Short Blades
 + Level 3.7 Throwing
 - Level 2.6 Dodging
 - Level 1.5 Stealth


You had 4 spell levels left.
You didn't know any spells.
Your spell library was empty.

Dungeon Overview and Level Annotations

Branches:
Dungeon (2/15)

Altars:

Annotations:
D:2 Crazy Yiuf


Innate Abilities, Weirdness & Mutations

You are surrounded by a mild repulsion field. (EV +2)
You sometimes gain a little power by taking damage.
You regenerate magic rapidly.


Message History

Crazy Yiuf says, "Tosser!"
Crazy Yiuf barely misses you.
You hit Crazy Yiuf but do no damage.
Crazy Yiuf is lightly wounded.
Crazy Yiuf hits you with a +2 quarterstaff of chaos.
You resist with some effort.
You hit Crazy Yiuf but do no damage.
Crazy Yiuf is lightly wounded.
Crazy Yiuf misses you.
You hit Crazy Yiuf.
Crazy Yiuf is moderately wounded.
Crazy Yiuf cries, "Prologue!
Defame down mobile."
Crazy Yiuf hits you with a +2 quarterstaff of chaos!
You resist with some effort.
You hit Crazy Yiuf.
Crazy Yiuf is moderately wounded.
Crazy Yiuf hits you with a +2 quarterstaff of chaos!
* * * LOW HITPOINT WARNING * * *
Crazy Yiuf freezes you.
* * * LOW HITPOINT WARNING * * *
That's the wrong kind of item! (Use * to select it.) Fire/throw/use which item? ([*] to toss any item) (? for menu, Esc to quit)
Okay, then.
Unknown command.
Aiming: Polymorph
Press: ? - help, Shift-Dir - straight line, f/p - Crazy Yiuf
Aim: Crazy Yiuf, wielding a +2 quarterstaff of chaos and wearing a +0 cloak (moderately wounded, will become a dart slug, a kobold, or a jelly, chance to affect: 57%) Crazy Yiuf resists with significant effort.
The now-empty wand crumbles to dust.
Crazy Yiuf barely misses you.
You aren't carrying any items that you can evoke.
You barely miss Crazy Yiuf.
Crazy Yiuf is moderately wounded.
Crazy Yiuf whimpers, "Two!"
Crazy Yiuf hits you with a +2 quarterstaff of chaos.
* * * LOW HITPOINT WARNING * * *
Crazy Yiuf draws strength from your wounds!
Unknown command.
Okay, then.
Crazy Yiuf hits you with a +2 quarterstaff of chaos!
You die...

*,*
*,,******
*,# *,* *,,*
*,# *,*
*,,** *,.
*,* *,,,*
*## *,*
**,,* **** #
*,* ****
*,,* # *,*
**,* # *,*
##### *,* #
*,* #g@)#
*,* # *,*
#)))# *,* #
*,* #)))#
#.####### #
*,* ##'##
*#.......###
**,* #)##
*......<..†.
**,,* ##)#
*#######.###
**,*,* #☼##
#.... *,**,*
##)#
############
*,**,* ##)##
#...........


You could see Crazy Yiuf.

Vanquished Creatures
  Sigmund (D:2)
  3 dart slugs
  3 ball pythons
  5 endoplasms (D:1)
  2 goblins (D:2)
  2 quokkas
  3 bats
  4 frilled lizards (D:1)
  A kobold (D:1)
  A rat (D:1)
25 creatures vanquished.

Notes
Turn   | Place    | Note
-------+----------+-------------------------------------------
     0 | D:1      | Newt the Demonspawn Gladiator began the quest for the Orb.
     0 | D:1      | Reached XP level 1. HP: 16/16 MP: 1/1
    22 | D:1      | Found a faded altar of an unknown god.
   194 | D:1      | Reached skill level 1 in Stealth
   293 | D:1      | Gained mutation: You are surrounded by a mild repulsion
                  | field. (EV +2) [demonic ancestry]
   293 | D:1      | Reached XP level 2. HP: 22/22 MP: 2/2
   839 | D:2      | Reached skill level 3 in Fighting
   885 | D:2      | Gained mutation: You sometimes gain a little power by
                  | taking damage. [demonic ancestry]
   885 | D:2      | Reached XP level 3. HP: 29/29 MP: 3/3
   907 | D:2      | Noticed Sigmund
   916 | D:2      | Killed Sigmund
   917 | D:2      | Reached skill level 4 in Fighting
   917 | D:2      | Gained mutation: You regenerate magic rapidly. [demonic
                  | ancestry]
   917 | D:2      | Reached XP level 4. HP: 19/37 MP: 2/4
   917 | D:2      | Reached XP level 5. HP: 21/42 MP: 2/5
  1151 | D:2      | Found a runed translucent door.
  1152 | D:2      | Noticed Crazy Yiuf
  1162 | D:2      | Identified the +0 hammer of Tension {heavy, rF+ Will+
                  | Stlth+}
  1170 | D:2      | Slain by Crazy Yiuf

Illustrated notes

Levels and vault maps discovered:
D:1:      dpeg_arrival_tiny_e, layout_rooms,
          dreamdust_ecumenical_altar_hidden_monk_grotto, hangedman_decor_growths
D:2:      layout_loops_ring, uniq_crazy_yiuf_cottage, uniq_sigmund

Skill      XL: |  1  2  3 |
---------------+----------+-----
Stealth        | 1 |  1.5
Fighting       | 3 4 |  4.0
Throwing       | 3 |  3.7
Short Blades   | |  2.6
Dodging        | |  2.6

Action                     |  1- 3 |  4- 6 || total
---------------------------+-------+-------++-------
  Melee: Rapier            |    70 |    11 ||    81
  Throw: Stone             |     2 |       ||     2
         Throwing net      |     1 |     2 ||     3
  Evoke: Wand              |       |     1 ||     1
    Use: Scroll            |     5 |     2 ||     7
   Stab: Sleeping          |     1 |     1 ||     2
         Held in net/web   |     3 |       ||     3
         Fleeing           |       |     1 ||     1
 Armour: Leather armour    |    18 |       ||    18
  Dodge: Dodged            |    36 |    13 ||    49

Table legend: (Time is in decaauts)
 A = Elapsed time spent in this place.
 B = Non-inter-level travel time spent in this place.
 C = Inter-level travel time spent in this place.
 D = Time resting spent in this place.
 E = Time spent auto-exploring this place.
 F = Levels seen in this place.
 G = Mean time per level.
                   A        B        C        D        E       F      G
               +--------+--------+--------+--------+--------+-----+--------+
         Total |   1174 |   1116 |     58 |     75 |    798 |   2 |  587.0 |
       Dungeon |   1174 |   1116 |     58 |     75 |    798 |   2 |  587.0 |
               +--------+--------+--------+--------+--------+-----+--------+

Top non-repeatable levels by time:
     D:1: 653 daAuts
     D:2: 521 daAuts
